TOP OF THE 1ST |
Panama City Piranhas batting - Pitching for Seattle Rocketeers : LHP Luqman Barcoo
|
Pitching: LHP Luqman Barcoo
|
|
Batting: RHB Arnie Taylor
|
0-0: Swinging Strike 0-1: Ball 1-1: Ball 2-1: Swinging Strike 2-2: Ball 3-2: Ground out 6-3 (Groundball, 6S, EV 91.2 MPH)
|
Batting: SHB Ben Boston
|
0-0: Ball 1-0: Ball 2-0: Ball 3-0: Base on Balls
|
Batting: RHB Brant Thigpen
|
0-0: Foul Ball, location: 2F 0-1: Foul Ball, location: 2F 0-2: Foul Ball, location: 2F 0-2: Fly out, F8 (Flyball, 8LS, EV 89.4 MPH)
|
Batting: RHB Bruno Williams
|
0-0: Ball 1-0: Called Strike 1-1: Ball 2-1: 2-RUN HOME RUN (Line Drive, 7D, EV 101.2 MPH), Distance : 356 ft
|
Batting: RHB Craig Tricket
|
0-0: Called Strike 0-1: Ball 1-1: Swinging Strike 1-2: SINGLE (Groundball, 56D, EV 95.6 MPH)
|
Batting: LHB Nathan Tanner
|
0-0: Foul Ball, location: 2F 0-1: Foul Ball, location: 2F 0-2: Ball 1-2: Ball 2-2: Foul Ball, location: 2F 2-2: Fly out, F6 (Popup, 6, EV 55.0 MPH)
|
Top of the 1st over - 2 runs, 2 hits, 0 errors, 1 left on base; Panama City 2 - Seattle 0 |
BOTTOM OF THE 1ST |
Seattle Rocketeers batting - Pitching for Panama City Piranhas : RHP Ernesto López
|
Pitching: RHP Ernesto López
|
|
Batting: RHB José Jarca
|
0-0: Ball 1-0: Ball 2-0: Foul Ball, location: 2F 2-1: Ball 3-1: Fly out, F3 (Popup, 3SF, EV 83.1 MPH)
|
Batting: RHB Claudio Tappen
|
0-0: Ground out 5-3 (Groundball, 5, EV 80.6 MPH)
|
Batting: LHB Vicente Gonzáles
|
0-0: Ball 1-0: Called Strike 1-1: Ball 2-1: Ball 3-1: Base on Balls
|
Batting: RHB Meester Gobbles-Rooster
|
0-0: Ball 1-0: Ground out U3 (Groundball, 34S, EV 64.4 MPH)
|
Bottom of the 1st over - 0 runs, 0 hits, 0 errors, 1 left on base; Panama City 2 - Seattle 0 |
TOP OF THE 2ND |
Panama City Piranhas batting - Pitching for Seattle Rocketeers : LHP Luqman Barcoo
|
Batting: RHB Silvio Bonauiti
|
0-0: Ball 1-0: Foul Ball, location: 2F 1-1: Ball 2-1: Foul Ball, location: 2F 2-2: Strikes out swinging
|
Batting: RHB Quindarious Monday
|
0-0: Foul Ball, location: 2F 0-1: Swinging Strike 0-2: Foul Ball, location: 2F 0-2: Strikes out swinging
|
Batting: LHB King Rutledge
|
0-0: Ball 1-0: Called Strike 1-1: Swinging Strike 1-2: Ball 2-2: Fly out, F5 (Popup, 56S, EV 75.6 MPH)
|
Top of the 2nd over - 0 runs, 0 hits, 0 errors, 0 left on base; Panama City 2 - Seattle 0 |
BOTTOM OF THE 2ND |
Seattle Rocketeers batting - Pitching for Panama City Piranhas : RHP Ernesto López
|
Batting: RHB Alain Grosjean
|
0-0: Swinging Strike 0-1: Called Strike 0-2: Ground out 6-3 (Groundball, 56, EV 87.5 MPH)
|
Batting: SHB Lodd Felton
|
0-0: Ball 1-0: Ball 2-0: Swinging Strike 2-1: Foul Ball, location: 2F 2-2: Foul Ball, location: 2F 2-2: Foul Ball, location: 2F 2-2: Ball 3-2: Foul Ball, location: 2F 3-2: Base on Balls
|
Batting: RHB Bogumil Tiwontschik
|
0-0: Ball 1-0: Ball 2-0: Ball 3-0: Called Strike 3-1: Foul Ball, location: 2F 3-2: Fly out, F4 (Flyball, 3D, EV 85.0 MPH)
|
Batting: LHB Thierry Honoré
|
0-0: Ball 1-0: Ball 2-0: Called Strike 2-1: Foul Ball, location: 2F 2-2: Foul Ball, location: 2F Pickoff Throw to First - Error! E1 Lodd Felton to second 2-2: Ball 3-2: Ground out U3 (Groundball, 34, EV 83.8 MPH)
|
Bottom of the 2nd over - 0 runs, 0 hits, 1 error, 1 left on base; Panama City 2 - Seattle 0 |
TOP OF THE 3RD |
Panama City Piranhas batting - Pitching for Seattle Rocketeers : LHP Luqman Barcoo
|
Batting: RHB Arnie Taylor
|
0-0: Ball 1-0: Ball 2-0: Called Strike 2-1: Ground out 6-3 (Groundball, 6M, EV 85.0 MPH)
|
Batting: SHB Ben Boston
|
0-0: Swinging Strike 0-1: Ball 1-1: Ball 2-1: Foul Ball, location: 2F 2-2: Foul Ball, location: 2F 2-2: Ball 3-2: Fly out, F8 (Flyball, 78M, EV 88.8 MPH)
|
Batting: RHB Brant Thigpen
|
0-0: Ball 1-0: SOLO HOME RUN (Flyball, 9D, EV 98.1 MPH), Distance : 342 ft
|
Batting: RHB Bruno Williams
|
0-0: Called Strike 0-1: Fly out, F8 (Flyball, 8RD, EV 106.9 MPH)
|
Top of the 3rd over - 1 run, 1 hit, 0 errors, 0 left on base; Panama City 3 - Seattle 0 |
BOTTOM OF THE 3RD |
Seattle Rocketeers batting - Pitching for Panama City Piranhas : RHP Ernesto López
|
Batting: SHB Joam Francia
|
0-0: Ball 1-0: Called Strike 1-1: Fly out, F8 (Flyball, 8LM, EV 83.1 MPH)
|
Batting: RHB José Jarca
|
0-0: Foul Ball, location: 2F 0-1: Called Strike 0-2: Ball 1-2: Strikes out swinging
|
Batting: RHB Claudio Tappen
|
0-0: Ball 1-0: Ball 2-0: Called Strike 2-1: Swinging Strike 2-2: Ball 3-2: Base on Balls
|
Batting: LHB Vicente Gonzáles
|
0-0: Ball 1-0: Foul Ball, location: 2F 1-1: Ball 2-1: Ball 3-1: Swinging Strike 3-2: Fly out, F7 (Flyball, 7S, EV 89.4 MPH)
|
Bottom of the 3rd over - 0 runs, 0 hits, 0 errors, 1 left on base; Panama City 3 - Seattle 0 |
TOP OF THE 4TH |
Panama City Piranhas batting - Pitching for Seattle Rocketeers : LHP Luqman Barcoo
|
Batting: RHB Craig Tricket
|
0-0: Called Strike 0-1: Ball 1-1: Ball 2-1: Fly out, F9 (Flyball, 9LS, EV 91.2 MPH)
|
Batting: LHB Nathan Tanner
|
0-0: Called Strike 0-1: Swinging Strike 0-2: Ball 1-2: Ball 2-2: Ball 3-2: Strikes out swinging
|
Batting: RHB Silvio Bonauiti
|
0-0: Swinging Strike 0-1: Swinging Strike 0-2: Strikes out swinging
|
Top of the 4th over - 0 runs, 0 hits, 0 errors, 0 left on base; Panama City 3 - Seattle 0 |
BOTTOM OF THE 4TH |
Seattle Rocketeers batting - Pitching for Panama City Piranhas : RHP Ernesto López
|
Batting: RHB Meester Gobbles-Rooster
|
0-0: Swinging Strike 0-1: Ball 1-1: Foul Ball, location: 2F 1-2: SINGLE (Groundball, 56D, EV 99.4 MPH)
|
Batting: RHB Alain Grosjean
|
0-0: Ball 1-0: Called Strike 1-1: Called Strike 1-2: Foul Ball, location: 2F 1-2: Foul Ball, location: 2F 1-2: Grounds into double play, 5-4-3 (Groundball, 56, EV 103.8 MPH)
|
Batting: SHB Lodd Felton
|
0-0: Called Strike 0-1: Called Strike 0-2: Ball 1-2: Strikes out looking
|
Bottom of the 4th over - 0 runs, 1 hit, 0 errors, 0 left on base; Panama City 3 - Seattle 0 |
TOP OF THE 5TH |
Panama City Piranhas batting - Pitching for Seattle Rocketeers : LHP Luqman Barcoo
|
Batting: RHB Quindarious Monday
|
0-0: Fly out, F9 (Flyball, 89M, EV 96.2 MPH)
|
Batting: LHB King Rutledge
|
0-0: Called Strike 0-1: Foul Ball, location: 2F 0-2: Strikes out looking
|
Batting: RHB Arnie Taylor
|
0-0: Ground out 5-3 (Groundball, 5L, EV 82.5 MPH)
|
Top of the 5th over - 0 runs, 0 hits, 0 errors, 0 left on base; Panama City 3 - Seattle 0 |
BOTTOM OF THE 5TH |
Seattle Rocketeers batting - Pitching for Panama City Piranhas : RHP Ernesto López
|
Batting: RHB Bogumil Tiwontschik
|
0-0: Swinging Strike 0-1: Ball 1-1: Ball 2-1: Ball 3-1: Foul Ball, location: 2F 3-2: Strikes out looking
|
Batting: LHB Thierry Honoré
|
0-0: Called Strike 0-1: Ball 1-1: Foul Ball, location: 2F 1-2: Ball 2-2: Ball 3-2: Base on Balls
|
Batting: SHB Joam Francia
|
0-0: Called Strike 0-1: Foul Ball, location: 2F 0-2: Foul Ball, location: 2F 0-2: Ball 1-2: Strikes out swinging
|
Batting: RHB José Jarca
|
0-0: Foul Ball, location: 2F 0-1: Foul Ball, location: 2F 0-2: Fielders Choice at 2nd, 6-4 (Groundball, 6, EV 90.0 MPH)
|
Bottom of the 5th over - 0 runs, 0 hits, 0 errors, 1 left on base; Panama City 3 - Seattle 0 |
TOP OF THE 6TH |
Panama City Piranhas batting - Pitching for Seattle Rocketeers : LHP Luqman Barcoo
|
Batting: SHB Ben Boston
|
0-0: Foul Ball, location: 2F 0-1: SINGLE (Line Drive, 8RS, EV 95.0 MPH)
|
Batting: RHB Brant Thigpen
|
0-0: Ball 1-0: Ball 2-0: Foul Ball, location: 2F 2-1: Ball 3-1: Called Strike 3-2: DOUBLE (Flyball, 8RXD, EV 109.4 MPH) Ben Boston to third
|
Pitching: RHP Min-chor Chon
|
|
Batting: RHB Bruno Williams
|
0-0: Foul Ball, location: 2F 0-1: Ball 1-1: Called Strike 1-2: Strikes out looking
|
Batting: RHB Craig Tricket
|
0-0: Called Strike 0-1: Swinging Strike 0-2: Strikes out swinging
|
Batting: LHB Nathan Tanner
|
0-0: SINGLE (Line Drive, 9LS, EV 106.2 MPH) Ben Boston scores Brant Thigpen to third Runner from 3rd tries for Home, SAFE, no throw by RF
|
Batting: RHB Silvio Bonauiti
|
0-0: Ball 1-0: Called Strike Nathan Tanner steals 2nd base 1-1: Ball 2-1: Foul Ball, location: 2F 2-2: Fly out, F8 (Flyball, 89XD, EV 100.6 MPH)
|
Top of the 6th over - 2 runs, 3 hits, 0 errors, 1 left on base; Panama City 5 - Seattle 0 |
BOTTOM OF THE 6TH |
Seattle Rocketeers batting - Pitching for Panama City Piranhas : RHP Ernesto López
|
Batting: RHB Claudio Tappen
|
0-0: Foul Ball, location: 2F 0-1: Swinging Strike 0-2: Ball 1-2: SINGLE (Line Drive, 78M, EV 93.1 MPH)
|
Batting: LHB Vicente Gonzáles
|
0-0: Called Strike Claudio Tappen steals 2nd base 0-1: Ball 1-1: Foul Ball, location: 2F 1-2: Strikes out swinging
|
Batting: RHB Meester Gobbles-Rooster
|
0-0: Swinging Strike 0-1: Called Strike 0-2: SINGLE (Line Drive, 78S, EV 101.2 MPH) Claudio Tappen to third Throwing error, E8 Claudio Tappen scores Meester Gobbles-Rooster to second
|
Pitching: RHP Tobías Pérez
|
|
Batting: RHB Alain Grosjean
|
0-0: Foul Ball, location: 2F 0-1: Called Strike 0-2: Fly out, F8 (Flyball, 8RM, EV 96.2 MPH) Runner from 2nd tags up, SAFE at 3rd with throw by CF
|
Batting: SHB Lodd Felton
|
0-0: Ball 1-0: Foul Ball, location: 2F 1-1: Ball 2-1: Ball 3-1: Base on Balls
|
Batting: RHB Bogumil Tiwontschik
|
0-0: Foul Ball, location: 2F 0-1: Ball 1-1: Foul Ball, location: 2F 1-2: Foul Ball, location: 2F 1-2: SINGLE (Line Drive, 6MD, EV 99.4 MPH) Meester Gobbles-Rooster scores Lodd Felton to second Runner from 2nd tries for 3rd, SAFE, no throw by CF
|
Batting: LHB Thierry Honoré
|
0-0: Ball 1-0: Ball 2-0: Called Strike 2-1: SINGLE (Groundball, 13S, EV 69.4 MPH) (infield hit) Lodd Felton scores Bogumil Tiwontschik to second
|
Batting: SHB Joam Francia
|
0-0: Ball 1-0: Ground out 4-3 (Groundball, 4, EV 86.2 MPH)
|
Bottom of the 6th over - 3 runs, 4 hits, 1 error, 2 left on base; Panama City 5 - Seattle 3 |
TOP OF THE 7TH |
Panama City Piranhas batting - Pitching for Seattle Rocketeers : RHP Min-chor Chon
|
Batting: RHB Quindarious Monday
|
0-0: Ball 1-0: Ball 2-0: Ball 3-0: Called Strike 3-1: Base on Balls
|
Batting: LHB King Rutledge
|
0-0: Ball 1-0: Ball 2-0: DOUBLE (Flyball, 78XD, EV 95.0 MPH) Quindarious Monday to third
|
Batting: RHB Arnie Taylor
|
0-0: Swinging Strike 0-1: Ball 1-1: Ball 2-1: DOUBLE (Line Drive, 7LM, EV 113.1 MPH) Quindarious Monday scores King Rutledge scores
|
Batting: SHB Ben Boston
|
0-0: Called Strike 0-1: Ball 1-1: Foul Ball, location: 2F 1-2: Foul Ball, location: 2F 1-2: Foul Ball, location: 2F 1-2: Ball 2-2: SINGLE (Groundball, 34D, EV 94.4 MPH) Arnie Taylor to third Runner from 3rd tries for Home, SAFE, no throw by RF
|
Batting: RHB Brant Thigpen
|
0-0: Called Strike 0-1: Ball Wild Pitch! Ben Boston to second 1-1: Foul Ball, location: 2F 1-2: Foul Ball, location: 2F 1-2: Strikes out swinging
|
Batting: RHB Bruno Williams
|
0-0: Ball 1-0: Fly out, F8 (Line Drive, 8LD, EV 103.8 MPH) Runner from 2nd tags up, SAFE at 3rd with throw by CF
|
Batting: RHB Craig Tricket
|
0-0: Ball 1-0: Called Strike 1-1: Ball 2-1: Ball 3-1: SINGLE (Groundball, 56, EV 97.5 MPH) (infield hit) Ben Boston scores
|
Pitching: RHP Yue-rong Chen
|
|
Batting: LHB Nathan Tanner
|
0-0: Called Strike 0-1: Ball 1-1: Ball 2-1: Ball 3-1: Ground out 4-3 (Groundball, 4, EV 105.6 MPH)
|
Top of the 7th over - 4 runs, 4 hits, 0 errors, 1 left on base; Panama City 9 - Seattle 3 |
BOTTOM OF THE 7TH |
Seattle Rocketeers batting - Pitching for Panama City Piranhas : RHP Tobías Pérez
|
Batting: RHB José Jarca
|
0-0: Ball 1-0: Ball 2-0: Ball 3-0: Called Strike 3-1: Ground out 4-3 (Groundball, 4S, EV 65.6 MPH)
|
Batting: RHB Claudio Tappen
|
0-0: Ball 1-0: Foul Ball, location: 2F 1-1: Foul Ball, location: 2F 1-2: DOUBLE (Line Drive, 89XD, EV 102.5 MPH)
|
Batting: LHB Vicente Gonzáles
|
0-0: Fly out, F9 (Line Drive, 9, EV 95.0 MPH)
|
Batting: RHB Meester Gobbles-Rooster
|
0-0: Called Strike 0-1: Ball 1-1: Ball 2-1: Ball 3-1: Ground out 6-3 (Groundball, 6, EV 78.1 MPH)
|
Bottom of the 7th over - 0 runs, 1 hit, 0 errors, 1 left on base; Panama City 9 - Seattle 3 |
TOP OF THE 8TH |
Panama City Piranhas batting - Pitching for Seattle Rocketeers : RHP Yue-rong Chen
|
Batting: RHB Silvio Bonauiti
|
0-0: Ball 1-0: Called Strike 1-1: Ball 2-1: Ball 3-1: Foul Ball, location: 2F 3-2: Foul Ball, location: 2F 3-2: Base on Balls
|
Batting: RHB Quindarious Monday
|
0-0: Ball 1-0: Foul Ball, location: 2F 1-1: Foul Ball, location: 2F 1-2: Reached on error, E5 (Groundball, 56, EV 84.4 MPH) Silvio Bonauiti to second
|
Batting: LHB King Rutledge
|
0-0: Foul Ball, location: 2F 0-1: Called Strike 0-2: Ball 1-2: Foul Ball, location: 2F 1-2: Foul Ball, location: 2F 1-2: Foul Ball, location: 2F 1-2: Fly out, F7 (Flyball, 7D, EV 106.9 MPH)
|
Batting: RHB Arnie Taylor
|
0-0: Ball 1-0: Swinging Strike 1-1: Ball 2-1: Swinging Strike 2-2: Strikes out swinging
|
Batting: SHB Ben Boston
|
0-0: Called Strike 0-1: Ball 1-1: Foul Ball, location: 2F 1-2: Foul Ball, location: 2F 1-2: SINGLE (Groundball, 3D, EV 93.8 MPH) Silvio Bonauiti to third Quindarious Monday to second Runner from 3rd tries for Home, SAFE, no throw by RF
|
Batting: RHB Brant Thigpen
|
0-0: Fly out, F9 (Flyball, 9S, EV 90.6 MPH)
|
Top of the 8th over - 1 run, 1 hit, 1 error, 2 left on base; Panama City 10 - Seattle 3 |
BOTTOM OF THE 8TH |
Seattle Rocketeers batting - Pitching for Panama City Piranhas : RHP Tobías Pérez
|
Batting: RHB Alain Grosjean
|
0-0: SOLO HOME RUN (Flyball, 78XD, EV 95.6 MPH), Distance : 405 ft
|
Batting: SHB Lodd Felton
|
0-0: Ball 1-0: Ground out 5-3 (Groundball, 56, EV 105.0 MPH)
|
Batting: RHB Bogumil Tiwontschik
|
0-0: Foul Ball, location: 2F 0-1: Foul Ball, location: 2F 0-2: Ball 1-2: Fly out, F7 (Flyball, 78D, EV 100.0 MPH)
|
Batting: LHB Thierry Honoré
|
0-0: DOUBLE (Line Drive, 9LM, EV 87.5 MPH)
|
Batting: SHB Joam Francia
|
0-0: Ball 1-0: Ground out 2-3 (Groundball, 13S, EV 70.0 MPH)
|
Bottom of the 8th over - 1 run, 2 hits, 0 errors, 1 left on base; Panama City 10 - Seattle 4 |
TOP OF THE 9TH |
Panama City Piranhas batting - Pitching for Seattle Rocketeers : RHP Yue-rong Chen
|
Batting: RHB Bruno Williams
|
0-0: Called Strike 0-1: Ball 1-1: Called Strike 1-2: Ball 2-2: Strikes out swinging
|
Batting: RHB Craig Tricket
|
0-0: Swinging Strike 0-1: Ball 1-1: Ball 2-1: Foul Ball, location: 2F 2-2: Ball 3-2: Strikes out swinging
|
Batting: LHB Nathan Tanner
|
0-0: Called Strike 0-1: Foul Ball, location: 2F 0-2: Ball 1-2: Foul Ball, location: 2F 1-2: Foul Ball, location: 2F 1-2: SINGLE (Groundball, 6M, EV 85.6 MPH) (infield hit)
|
Batting: RHB Silvio Bonauiti
|
Pickoff Throw to First - Out! 1-3
|
Top of the 9th over - 0 runs, 1 hit, 0 errors, 0 left on base; Panama City 10 - Seattle 4 |
BOTTOM OF THE 9TH |
Seattle Rocketeers batting - Pitching for Panama City Piranhas : RHP Tobías Pérez
|
Batting: RHB José Jarca
|
0-0: Ground out 6-3 (Groundball, 6MS, EV 65.0 MPH)
|
Batting: RHB Claudio Tappen
|
0-0: Called Strike 0-1: Swinging Strike 0-2: Strikes out swinging
|
Batting: LHB Vicente Gonzáles
|
0-0: Foul Ball, location: 2F 0-1: Ball 1-1: Called Strike 1-2: Foul Ball, location: 2F 1-2: Ball 2-2: Fly out, F7 (Line Drive, 7, EV 95.6 MPH)
|
Bottom of the 9th over - 0 runs, 0 hits, 0 errors, 0 left on base; Panama City 10 - Seattle 4 |
|